 Dungeon Crawl Stone Soup version 0.20-a0-1006-ge6c5631 (webtiles) character file.

6338 FastMan the Cleaver (level 10, -2/120 HPs)
             Began as a Demonspawn Berserker on Apr 14, 2017.
             Was a High Priest of Trog.
             Slain by an alligator (9 damage)
             ... on level 11 of the Dungeon.
             The game lasted 00:08:44 (7435 turns).

FastMan the Cleaver (Demonspawn Berserker)          Turns: 7435, Time: 00:08:45

Health: -2/120     AC: 15    Str: 23    XL:     10   Next: 64%
Magic:  10/10      EV:  7    Int:  8    God:    Trog [*****.]
Gold:   426        SH:  0    Dex: 16    Spells: 9/9 levels left

rFire    . . .     SeeInvis .   e - +3 war axe (flame)
rCold    + . .     Gourm    .   (no shield)
rNeg     . . .     Faith    .   d - +0 plate armour
rPois    .         Spirit   .   (no helmet)
rElec    .         Reflect  .   (no cloak)
rCorr    .         Harm     .   t - +0 pair of gloves (curse)
MR       ++...                  (no boots)
Stlth    ..........             (no amulet)
Regen    1.3/turn               h - ring of protection from cold
MPRegen  0.2/turn               (no ring)

@: berserking (expiring), regenerating, very quick
A: claws 1, iridescent scales 1, demonic guardian 1
a: Berserk, Trog's Hand, Brothers in Arms, Burn Spellbooks, Renounce Religion


You were on level 11 of the Dungeon.
You worshipped Trog.
Trog was extremely pleased with you.
You were not hungry.

You visited 1 branch of the dungeon, and saw 11 of its levels.

You collected 426 gold pieces.

Inventory:

Hand Weapons
 a - a +1 battleaxe of draining
 e - a +3 war axe of flaming (weapon)
Armour
 d - a +0 plate armour (worn)
 t - a cursed +0 pair of gloves (worn)
Jewellery
 h - a ring of protection from cold (left hand)
Scrolls
 j - 3 scrolls of remove curse {@r2}
 l - a scroll of identify {@r1}
 m - 3 scrolls of teleportation {@r3}
 q - a scroll of fear
 r - a scroll of enchant armour
 u - a scroll of magic mapping
Potions
 b - a potion of flight
 n - 2 potions of curing {@q1}
 s - 2 potions of resistance
Comestibles
 c - 6 bread rations {@e1}
 g - 4 meat rations {@e2}
 i - 10 fruits {@e4}
 k - 3 royal jellies {@e3}
 p - 3 chunks of flesh


   Skills:
 + Level 8.1 Fighting
 * Level 12.0 Axes
 + Level 5.9 Armour
 - Level 1.7 Dodging


You had 9 spell levels left.
You didn't know any spells.

Dungeon Overview and Level Annotations

Branches:
Dungeon (11/15)            Temple (0/1) D:4            Lair (0/6) D:10
    Orc: D:9-12

Altars:
Cheibriados
Dithmenos
Fedhas
Gozag
Hepliaklqana
Qazlal
Ru
Trog
Uskayaw

Shops:
D:6 %   D:9 %


Innate Abilities, Weirdness & Mutations

You have sharp fingernails.
You are partially covered in iridescent scales. (AC +2)
A weak demonic guardian rushes to your aid.


Message History

The alligator is heavily wounded.
You hit the alligator. You burn the alligator. The alligator bites you!
* * * LOW HITPOINT WARNING * * *
The alligator tail-slaps you!
* * * LOW HITPOINT WARNING * * *
The alligator barely misses you. x2
You are too injured to fight recklessly!
You closely miss the alligator.
The alligator is heavily wounded.
You hit the alligator. You burn the alligator.
You feel the effects of Trog's Hand fading.
The alligator bites you!
* * * LOW HITPOINT WARNING * * *
The alligator tail-slaps you!
* * * LOW HITPOINT WARNING * * *
The frilled lizard moves out of view.
You barely miss the alligator.
The alligator is heavily wounded.
You slash the alligator! You burn the alligator. The alligator bites you!
You die...

#.####.# #.# #.#
#.# #.# #†# #.#
##.####.###
####......†..#.#
#.........÷....#
#.##.#.....#..#...
#@####.######'# ##
#tt# #.# .# ).l##
#.# ## #.#. #.#
#.## #.# # #.#


You could see 2 alligators and a basilisk.

Vanquished Creatures
  A two-headed ogre (D:10)
  An ugly thing (D:11)
  A centaur zombie (D:10)
  The ghost of Treemains the Conjurer, a novice DECj of Vehumet (D:7)
  Joseph (D:8)
  Psyche (D:11)
  A spriggan (D:7)
  Grum (D:8)
  A basilisk (D:11)
  Edmund (D:6)
  A water moccasin (D:5)
  An ice beast (D:7)
  2 sky beasts
  A phantom (D:4)
  3 orc warriors
  The ghost of FastMan the Covered, an amateur FoFi (D:3)
  3 wolves (D:8)
  3 ogres
  3 centaurs (D:9)
  4 bullfrogs
  4 scorpions
  5 killer bees (D:7)
  2 howler monkeys
  4 electric eels (D:10)
  5 crimson imps
  5 orc priests
  A centaur skeleton (D:5)
  2 hounds
  A bullfrog skeleton (D:10)
  Ijyb (D:3)
  An iguana (D:11)
  8 orc wizards
  11 worker ants
  A hound zombie (D:8)
  Robin (D:4)
  A worker ant zombie (D:6)
  4 gnolls (D:5)
  2 river rats (D:11)
  7 adders
  A shadow imp (D:9)
  2 oozes
  3 worms
  4 dart slugs
  6 leopard geckos
  27 orcs
  7 bats
  6 giant cockroaches
  14 goblins
  14 hobgoblins
  11 jackals
  3 quokkas
  9 frilled lizards
  A jackal skeleton (D:5)
  2 kobolds
  A leopard gecko zombie (D:5)
  A quokka skeleton (D:5)
  A quokka zombie (D:5)
  7 rats
218 creatures vanquished.

Vanquished Creatures (collateral kills)
  An orc warrior (D:7)
  A centaur (D:6)
  A bullfrog (D:7)
  An electric eel (D:10)
  A howler monkey (D:7)
  An adder (D:7)
  An orc (D:8)
7 creatures vanquished.

Grand Total: 225 creatures vanquished

Notes
Turn   | Place    | Note
-------+----------+-------------------------------------------
     0 | D:1      | FastMan the Demonspawn Berserker began the quest for the Orb.
     0 | D:1      | Reached XP level 1. HP: 18/18 MP: 1/1
   377 | D:1      | Reached skill level 3 in Axes
   395 | D:1      | Gained mutation: You are partially covered in iridescent scales. (AC +2) [demonic ancestry]
   395 | D:1      | Reached XP level 2. HP: 23/24 MP: 2/2
   709 | D:2      | Reached XP level 3. HP: 29/29 MP: 3/3
   963 | D:2      | Reached ** piety under Trog
   965 | D:2      | Reached XP level 4. HP: 26/37 MP: 4/4
   967 | D:2      | Reached skill level 4 in Axes
  1085 | D:2      | Found a shadowy altar of Dithmenos.
  1522 | D:3      | Noticed FastMan's ghost (amateur FoFi)
  1534 | D:3      | Killed FastMan's ghost
  1534 | D:3      | Gained mutation: You have sharp fingernails. [demonic ancestry]
  1534 | D:3      | Reached XP level 5. HP: 42/42 MP: 5/5
  1722 | D:3      | Noticed Ijyb
  1737 | D:3      | Killed Ijyb
  1737 | D:3      | Reached skill level 5 in Axes
  1854 | D:3      | Found an opulent altar of Gozag.
  1946 | D:4      | Noticed an ogre
  1955 | D:4      | Killed an ogre
  1955 | D:4      | Reached XP level 6. HP: 35/49 MP: 6/6
  2112 | D:4      | Found a staircase to the Ecumenical Temple.
  2227 | D:4      | Noticed Robin
  2235 | D:4      | Reached *** piety under Trog
  2251 | D:4      | Killed Robin
  2329 | D:4      | Found a hazy altar of Hepliaklqana.
  2332 | D:4      | Found a snail-covered altar of Cheibriados.
  2335 | D:4      | Found a blossoming altar of Fedhas.
  2347 | D:4      | Found a stormy altar of Qazlal.
  2584 | D:4      | Reached skill level 5 in Fighting
  2584 | D:4      | Reached skill level 6 in Axes
  2657 | D:5      | Entered Level 5 of the Dungeon
  2666 | D:5      | Reached XP level 7. HP: 56/56 MP: 7/7
  2956 | D:5      | Reached skill level 7 in Axes
  3269 | D:5      | Gained mutation: A weak demonic guardian rushes to your aid. [demonic ancestry]
  3269 | D:5      | Reached XP level 8. HP: 59/64 MP: 8/8
  3623 | D:6      | Found Otweom's Food Shop.
  3668 | D:6      | Reached **** piety under Trog
  3765 | D:6      | Got a pitted trident
  3768 | D:6      | Identified the +3 trident of Optimality {drain, rElec MP+9} (You found it on level 6 of the Dungeon)
  3783 | D:6      | Found a hide-covered altar of Uskayaw.
  3816 | D:6      | Noticed Edmund
  3822 | D:6      | Reached skill level 8 in Axes
  3834 | D:6      | Killed Edmund
  4228 | D:7      | Reached skill level 9 in Axes
  4623 | D:7      | Reached XP level 9. HP: 50/72 MP: 9/9
  4856 | D:7      | Noticed Treemains's ghost (novice DECj)
  4865 | D:7      | Killed Treemains's ghost
  5056 | D:7      | Reached skill level 10 in Axes
  5252 | D:8      | Noticed Joseph
  5368 | D:8      | Reached ***** piety under Trog
  5383 | D:8      | Killed Joseph
  5383 | D:8      | Received a gift from Trog
  5756 | D:8      | Noticed Grum
  5775 | D:8      | Killed Grum
  5835 | D:8      | Noticed a moth of wrath
  5838 | D:8      | Found a bloodstained altar of Trog.
  5937 | D:9      | Found Pusoxtoe's Food Shop.
  5999 | D:9      | Reached skill level 11 in Axes
  6024 | D:9      | Reached XP level 10. HP: 79/79 MP: 10/10
  6031 | D:9      | Found a sacrificial altar of Ru.
  6342 | D:10     | Entered Level 10 of the Dungeon
  6348 | D:10     | Received a gift from Trog
  6476 | D:10     | Noticed a two-headed ogre
  6485 | D:10     | Killed a two-headed ogre
  6485 | D:10     | Reached skill level 5 in Armour
  6618 | D:10     | Found a staircase to the Lair.
  7027 | D:11     | Noticed Psyche
  7035 | D:11     | Killed Psyche
  7289 | D:11     | Noticed a brown ugly thing
  7300 | D:11     | Killed a brown ugly thing
  7410 | D:11     | Reached skill level 12 in Axes
  7421 | D:11     | Noticed an alligator
  7427 | D:11     | Noticed an alligator
  7435 | D:11     | Slain by an alligator

Vault maps used:
D:1:      dpeg_arrival_rooms_c
D:2:      nicolae_dithmenos_shadow_blocks, st_stairs_13
D:3:      overflow_temple_1_default, marbit_many_paths, uniq_iyjb
D:4:      grunt_temple_overflow_cloverleaf, minmay_temple_entry_overgrown,
          first_bread, uniq_robin
D:6:      lemuel_coloured_pillars_altar, serial_shops,
          nicolae_shop_competitors_out_of_business, uniq_edmund
D:7:      the_bakery, lemuel_blue_sif_altar
D:8:      tgw_trog, uniq_joseph, uniq_grum
D:9:      serial_shops, shop, nicolae_ru_the_path_less_chosen
D:10:     lair_entry_dummy, erik_orc_2
D:11:     grunt_ministairs_3, hangedman_parallel_progression, uniq_sonja,
          uniq_psyche

Skill      XL: |  1  2  3  4  5  6  7  8  9 10 |
---------------+-------------------------------+-----
Axes           | 3 4 5 6 7 9 11 12 | 12.0
Fighting       | 4 5 6 7 8 |  8.1
Armour         | 4 5 |  5.9
Dodging        | |  1.7

Action                   |  1- 3 |  4- 6 |  7- 9 | 10-12 || total
-------------------------+-------+-------+-------+-------++-------
Melee: Hand axe          |    95 |   205 |   238 |       ||   538
       Unarmed           |       |     7 |       |       ||     7
       Battleaxe         |       |       |   119 |    18 ||   137
       War axe           |       |       |       |    99 ||    99
Invok: Berserk           |     5 |     5 |    15 |     6 ||    31
       Trog's Hand       |       |       |     1 |     2 ||     3
       Burn Spellbooks   |       |       |     1 |       ||     1
  Use: Potion            |     2 |       |     3 |     2 ||     7
       Scroll            |       |     4 |    11 |     3 ||    18
 Stab: Distracted        |       |       |     2 |     1 ||     3
  Eat: Chunk             |     5 |     9 |    12 |     1 ||    27
       Meat ration       |       |       |     2 |     1 ||     3
       Bread ration      |       |       |     1 |     1 ||     2
Armor: Animal skin       |    34 |     7 |       |       ||    41
       Plate armour      |       |    99 |   262 |    68 ||   429
       Skin              |       |       |     9 |       ||     9
Dodge: Dodged            |    73 |    66 |   117 |    24 ||   280
